AoeStats
← Thay Crai Yon

Arabia

508088557Analyzed
2v2 RM · 13d ago on Sep 20, 2026· 71m 20s· 4 players
Game mode
Random Map
Map size
Medium (4 player)
Population
200
Speed
Normal
Resources
Standard
Victory
Conquest
Starting age
Dark Age
Ending age
Imperial Age
RankedLock teamsTeams togetherTeam positionsShared explorationLock speedFull tech treeHidden civsTurbo modeCheats
Victory
Defeat
🇫🇷 Franks · France
1025
+16
🇫🇷 Mongols · France
1021
+16
🇫🇷 Celts · France
1033
-16
🇨🇦 Vietnamese · Canada
1021
-16
Gokunk
10:23 Feudal Age
9:41 Loom
10:52 Man-at-Arms
14:14 Double-Bit Axe
16:02 Scale Mail Armor
22:26 Castle Age
21:39 Fletching
22:00 Forging
22:56 Horse Collar
23:55 Chain Mail Armor
23:55 Pikeman
26:18 Arson
27:07 Elite Skirmisher
29:50 Wheelbarrow
31:08 Bow Saw
31:02 Heavy Plow
30:58 Long Swordsman
35:25 Iron Casting
39:23 Stone Mining
42:35 Imperial Age
40:07 Bodkin Arrow
40:26 Masonry
43:11 Capped Ram
43:21 Halberdier
44:05 Siege Ram
44:09 Heavy Scorpion
51:55 Plate Mail Armor
51:43 Gold Mining
52:15 Ballistics
56:48 Hand Cart
58:26 Furor Celtica
66:39 Elite Woad Raider
Anonymous
11:17 Feudal Age
9:53 Loom
12:00 Double-Bit Axe
14:55 Horse Collar
21:45 Castle Age
19:55 Fletching
21:51 Forging
21:48 Crossbowman
22:38 Bodkin Arrow
24:58 Iron Casting
26:12 Wheelbarrow
27:06 Thumb Ring
35:37 Imperial Age
35:32 Hand Cart
37:32 Bow Saw
38:51 Scale Mail Armor
42:24 Chain Mail Armor
42:41 Town Watch
43:01 Gold Mining
46:32 Plate Mail Armor
47:12 Bracer
48:54 Two-Man Saw
52:24 Elite Fire Lancer
55:04 Paper Money
Thay Crai Yon
10:48 Feudal Age
18:15 Double-Bit Axe
25:42 Castle Age
41:06 Imperial Age
39:39 Husbandry
39:59 Forging
39:54 Scale Barding Armor
40:23 Bow Saw
41:15 Iron Casting
41:21 Cavalier
53:29 Paladin
58:42 Town Watch
66:54 Gold Mining
66:54 Stone Mining
Ego59
3:18 Loom
10:45 Feudal Age
11:52 Double-Bit Axe
13:58 Forging
15:33 Bloodlines
19:34 Horse Collar
19:33 Man-at-Arms
20:16 Gold Mining
25:26 Castle Age
23:58 Fletching
25:24 Scale Barding Armor
26:24 Bow Saw
26:15 Heavy Plow
26:09 Light Cavalry
28:13 Elite Skirmisher
32:57 Scale Mail Armor
37:10 Bodkin Arrow
37:36 Chain Barding Armor
38:13 Long Swordsman
38:15 Crossbowman
39:09 Thumb Ring
42:31 Husbandry
42:34 Padded Archer Armor
42:49 Chain Mail Armor
42:13 Elite Skirmisher
43:45 Crossbowman
47:50 Imperial Age
45:51 Leather Archer Armor
50:27 Iron Casting
50:36 Two-Handed Swordsman
51:18 Squires
54:17 Wheelbarrow
54:02 Elite Steppe Lancer
55:09 Masonry
55:20 Ballistics
56:09 Arbalester
64:26 Hussar
68:01 Stone Mining
71:36 Blast Furnace
Connection lost

Rejoining the realm…

Still unreachable

The connection could not be restored.

Session expired

The server has moved on; the page needs a fresh start.